 Dungeon Crawl Stone Soup version 0.17.0-26-gececa24 (console) character file.

20356 gw the Martial Artist (level 12, -2/114 HPs)
             Began as a Deep Dwarf Monk on Nov 20, 2015.
             Was a High Priest of the Shining One.
             Slain by a blink frog (5 damage)
             ... on level 2 of the Lair of Beasts.
             The game lasted 00:14:38 (11840 turns).

gw the Martial Artist (Deep Dwarf Monk)            Turns: 11840, Time: 00:14:38

Health: -2/114     AC: 16    Str: 15    XL:     12   Next: 44%
Magic:  9/9        EV: 10    Int: 12    God:    the Shining One [*****.]
Gold:   754        SH:  0    Dex: 21    Spells: 0 memorised, 11 levels left

rFire  + . .     SeeInvis .       - Unarmed
rCold  . . .     Clarity  .     i - +1 chain mail
rNeg   + + .     SustAt   .     (no shield)
rPois  .         Gourm    .     (helmet restricted)
rElec  .         Spirit   .     j - +0 cloak
rCorr  .         Warding  .     (no gloves)
rMut   .         Stasis   .     h - +1 pair of boots
MR     +....                    (no amulet)
Stlth  ..........               n - ring of Zusemmof {rF+ MP+9}
                                g - +1 ring of evasion

@: non-regenerating, glowing, somewhat resistant to hostile enchantments,
extremely unstealthy
A: damage resistance, recharge devices, horns 1, talons 1, thin skeletal
structure 1, sense surroundings 2, slow regeneration 3
a: Device Recharging, Divine Shield, Cleansing Flame, Summon Divine Warrior,
Renounce Religion


You were on level 2 of the Lair of Beasts.
You worshipped the Shining One.
The Shining One was extremely pleased with you.
You were not hungry.

You visited 2 branches of the dungeon, and saw 13 of its levels.

You collected 754 gold pieces.

Inventory:

Missiles
 d - 96 bolts
 m - 20 bolts of frost
Armour
 h - a +1 pair of boots (worn)
 i - a +1 chain mail (worn)
 j - a +0 cloak (worn)
Jewellery
 g - a +1 ring of evasion (left hand)
 n - the ring of Zusemmof (right hand) {rF+ MP+9}
   (You found it on level 2 of the Lair of Beasts)

   [ring of magical power]

   It protects you from fire.
   It affects your magic capacity (+9).
Wands
 b - a wand of heal wounds (0)
 k - a wand of confusion (22)
Scrolls
 e - a scroll of teleportation
 f - 7 scrolls of identify
 p - a scroll of remove curse
Potions
 a - 7 potions of curing
Comestibles
 c - 9 bread rations
 l - 7 meat rations
 o - 2 chunks of flesh
 q - 5 fruits
 r - a beef jerky
 t - 7 royal jellies


   Skills:
 + Level 9.1 Fighting
 + Level 10.1 Armour
 - Level 3.2 Dodging
 - Level 2.4 Stealth
 * Level 12.5 Unarmed Combat
 + Level 11.9 Invocations
 - Level 1.0 Evocations


You had 11 spell levels left.
You didn't know any spells.

Dungeon Overview and Level Annotations

Branches:
Dungeon (11/15)            Temple (0/1) D:5            Lair (2/8) D:10
    Orc (0/4) D:10

Altars:
Elyvilon
Gozag
Nemelex Xobeh
Qazlal
Sif Muna
Vehumet
The Shining One

Shops:
D:7 *=   D:8 *


Innate Abilities, Weirdness & Mutations

You are resistant to damage.
You can recharge devices by infusing magical energy.
You passively map the area around you.
You do not regenerate naturally.
You have a pair of small horns on your head.
You have sharp toenails.
You have a somewhat thin skeletal structure (Dex +2, Stealth).


Message History

Your headbutt misses the blink frog.
The blink frog is lightly wounded.
The blink frog barely misses you.
ATTACKING (0,1)
You punch the blink frog!
Your punch passes through the blink frog as it momentarily phases out.
The blink frog is moderately wounded.
The blink frog hits you but does no damage.
The blink frog hits you.
ATTACKING (0,1)
The blink frog momentarily phases out as your attack passes through it.
The blink frog is moderately wounded.
The blink frog hits you! The Shining One protects you from harm!
ATTACKING (0,1)
You completely miss the blink frog.
You headbutt the blink frog, but do no damage.
The blink frog is moderately wounded.
The blink frog hits you!
You die...

* ### ,*** * ### ####g##
###
*,..###..###..#F.####.##
............F........##
,
......F...ยค...........#
,
,.....................##
,
.#.###########.#.#....#
* * #####...## , , ,
##...P## #......#


You could see 2 blink frogs.

Table legend:
 A = Turns spent in this place as a percentage of turns spent in the entire game.
 B = Non-inter-level travel turns spent in this place as a percentage of non-inter-level travel turns spent in the entire game.
 C = Inter-level travel turns spent in this place as a percentage of turns spent in this place.
 D = Turns resting spent in this place as a percentage of non-inter-level travel turns spent in this place.
 E = Turns spent auto-exploring this place as a percentage of non-inter-level travel turns spent in this place.
 F = Non-inter-level travel turns spent in this place divided by the number of levels of this place that you've seen.
                   A       B       C       D       E      F
               +-------+-------+-------+-------+-------+----------------------
         Total | 100.0 | 100.0 |   0.5 |   0.0 |   2.0 | 2029.8
       Dungeon |  88.2 |  88.3 |   0.4 |   0.1 |   2.0 | 2117.0
          Lair |  11.8 |  11.7 |   1.2 |   0.0 |   1.4 | 1550.0
               +-------+-------+-------+-------+-------+----------------------

Table legend:
 A = Kills in this place as a percentage of kills in entire the game.
 B = Kills by you in this place as a percentage of kills by you in the entire game.
 C = Kills by friends in this place as a percentage of kills by friends in the entire game.
 D = Other kills in this place as a percentage of other kills in the entire game.
 E = Experience gained in this place as a percentage of experience gained in the entire game.
 F = Experience gained in this place divided by the number of levels of this place that you have seen.
                   A       B       C       D       E      F
               +-------+-------+-------+-------+-------+----------------------
         Total | 100.0 | 100.0 |  -nan |  -nan | 100.0 | 2236.9
       Dungeon |  86.0 |  86.0 |  -nan |  -nan |  75.3 | 1990.6
          Lair |  14.0 |  14.0 |  -nan |  -nan |  24.7 | 3591.5
               +-------+-------+-------+-------+-------+----------------------

Vanquished Creatures
  2 hydras
  The ghost of Kourso the Cleaver, a novice MiBe of Trog (D:9)
  A hill giant (D:11)
  2 ugly things (D:11)
  A centaur zombie (D:10)
  A gargoyle (D:11)
  5 spiny frogs (Lair:1)
  A black mamba (Lair:1)
  The ghost of jw the Sneak, a novice OpBe of Trog (D:4)
  3 trolls
  A komodo dragon (Lair:2)
  A queen bee (D:8)
  Grinder (D:6)
  Prince Ribbit (D:7)
  3 two-headed ogres
  Sigmund (D:6)
  2 basilisks (Lair:1)
  2 hippogriffs
  19 yaks
  3 wyverns
  A soldier ant (D:11)
  3 hungry ghosts
  3 porcupines
  4 water moccasins (Lair:1)
  3 ice beasts
  2 orc warriors
  2 phantoms
  A necrophage (D:10)
  13 centaurs
  4 sky beasts
  An ogre (D:4)
  A crocodile (Lair:1)
  A wasp (Lair:1)
  2 big kobolds
  8 giant frogs
  A gnoll sergeant (D:7)
  A wyvern skeleton (D:10)
  4 scorpions
  29 killer bees
  6 wights
  9 crimson imps
  2 giant frog zombies
  2 quasits
  2 centaur skeletons
  4 jellies
  8 orc priests
  8 orc wizards
  An iguana (D:5)
  5 hounds
  2 giant frog skeletons (D:9)
  A killer bee zombie (D:6)
  5 worker ants
  A hound zombie (D:8)
  2 hound skeletons
  10 gnolls
  17 adders
  30 river rats
  2 shadow imps
  An ooze (D:4)
  2 adder skeletons
  A worm (D:3)
  9 giant geckos
  50 orcs
  12 bats
  5 giant cockroaches
  8 hobgoblins
  13 jackals
  9 quokkas
  3 ball pythons
  A giant gecko skeleton (D:8)
  3 giant newts
  10 goblins
  A jackal zombie (D:6)
  15 kobolds
  3 quokka skeletons
  A quokka zombie (D:9)
  7 rats
  A fungus (Lair:1)
  2 plants (Lair:1)
410 creatures vanquished.

Vanquished Creatures (others)
  2 fungi (Lair:1)
2 creatures vanquished.

Grand Total: 412 creatures vanquished

Notes
Turn   | Place    | Note
--------------------------------------------------------------
     0 | D:1      | gw the Deep Dwarf Monk began the quest for the Orb.
     0 | D:1      | Reached XP level 1. HP: 20/20 MP: 1/1
    94 | D:1      | Reached XP level 2. HP: 16/27 MP: 2/2
   191 | D:1      | Reached skill level 1 in Evocations
   360 | D:1      | Found a glowing golden altar of the Shining One.
   367 | D:1      | Became a worshipper of the Shining One
   367 | D:1      | Reached * piety under the Shining One
   367 | D:1      | Reached ** piety under the Shining One
   702 | D:2      | Reached skill level 4 in Unarmed Combat
   740 | D:2      | Found a deep blue altar of Sif Muna.
   743 | D:2      | Found an opulent altar of Gozag.
   789 | D:2      | Found a sparkling altar of Nemelex Xobeh.
   803 | D:2      | Found a glowing golden altar of the Shining One.
   840 | D:2      | Reached XP level 3. HP: 23/33 MP: 3/3
  1064 | D:2      | Found a white marble altar of Elyvilon.
  1118 | D:2      | Reached skill level 1 in Armour
  1121 | D:2      | Reached skill level 1 in Invocations
  1140 | D:2      | Reached XP level 4. HP: 24/42 MP: 3/5
  1317 | D:2      | Found a sparkling altar of Nemelex Xobeh.
  1326 | D:2      | Gained mutation: You have a pair of small horns on your head. [potion of mutation]
  1326 | D:2      | Gained mutation: You have a somewhat thin skeletal structure (Dex +2, Stealth). [potion of mutation]
  1326 | D:2      | Gained mutation: You have sharp toenails. [potion of mutation]
  1503 | D:3      | Reached XP level 5. HP: 31/49 MP: 6/6
  1555 | D:3      | Found a faded altar to an unknown god.
  2345 | D:4      | Reached skill level 5 in Unarmed Combat
  2355 | D:4      | Noticed jw's ghost (novice OpBe)
  2400 | D:4      | Killed jw's ghost
  2400 | D:4      | Reached XP level 6. HP: 45/57 MP: 5/7
  2510 | D:4      | Reached XP level 7. HP: 32/64 MP: 5/8
  3289 | D:4      | Reached skill level 6 in Unarmed Combat
  3334 | D:4      | Noticed an ogre
  3334 | D:4      | Reached *** piety under the Shining One
  3344 | D:4      | Killed an ogre
  3508 | D:5      | Entered Level 5 of the Dungeon
  3846 | D:5      | Reached skill level 5 in Invocations
  3846 | D:5      | Reached XP level 8. HP: 49/73 MP: 8/8
  4128 | D:5      | Found a staircase to the Ecumenical Temple.
  4303 | D:5      | Found a stormy altar of Qazlal.
  4304 | D:5      | Found a radiant altar of Vehumet.
  4663 | D:6      | Reached skill level 7 in Unarmed Combat
  4780 | D:6      | Reached skill level 5 in Fighting
  4780 | D:6      | Reached skill level 5 in Armour
  4816 | D:6      | Noticed Grinder
  4825 | D:6      | Noticed Sigmund
  4828 | D:6      | Killed Grinder
  4848 | D:6      | Killed Sigmund
  4848 | D:6      | Gained mutation: You passively map the area around you. [Deep Dwarf growth]
  4848 | D:6      | Reached XP level 9. HP: 55/81 MP: 10/10
  5140 | D:7      | Reached skill level 8 in Unarmed Combat
  5193 | D:7      | Found Furiho's Jewellery Shoppe.
  5418 | D:7      | Noticed Prince Ribbit
  5442 | D:7      | Killed Prince Ribbit
  5571 | D:7      | Found Gozag's Platinum Reserve.
  5571 | D:7      | Found an opulent altar of Gozag.
  5651 | D:7      | Reached skill level 9 in Unarmed Combat
  6297 | D:8      | Found Vaenikho's General Store.
  6395 | D:8      | Reached XP level 10. HP: 52/91 MP: 11/11
  6427 | D:8      | Reached **** piety under the Shining One
  7270 | D:8      | Reached skill level 10 in Unarmed Combat
  7409 | D:9      | Noticed Kourso's ghost (novice MiBe)
  7455 | D:9      | Killed Kourso's ghost
  7898 | D:10     | Entered Level 10 of the Dungeon
  7933 | D:10     | Reached ***** piety under the Shining One
  7986 | D:10     | Reached XP level 11. HP: 61/100 MP: 9/9
  8072 | D:10     | Reached skill level 10 in Invocations
  8151 | D:10     | Found a staircase to the Lair.
  8334 | D:10     | Reached skill level 11 in Unarmed Combat
  8550 | D:10     | Found a staircase to the Orcish Mines.
  8972 | D:11     | Noticed a hill giant
  9204 | D:11     | Noticed a seven-headed hydra
  9217 | D:11     | Killed a seven-headed hydra
  9317 | D:11     | Killed a hill giant
 10131 | D:11     | Reached XP level 12. HP: 67/112 MP: 2/2
 10214 | Lair:1   | Entered Level 1 of the Lair of Beasts
 10345 | Lair:1   | Reached skill level 12 in Unarmed Combat
 10766 | Lair:1   | Got a transparent jade ring
 10768 | Lair:1   | Identified the ring of the Scarab {Fire Int+6 Dex+4 Stlth+} (You found it on level 1 of the Lair of Beasts)
 11621 | Lair:2   | Noticed an eight-headed hydra
 11634 | Lair:2   | Killed an eight-headed hydra
 11634 | Lair:2   | Reached skill level 10 in Armour
 11693 | Lair:2   | Got a heavily runed glass ring
 11695 | Lair:2   | Identified the ring of Zusemmof {rF+ MP+9} (You found it on level 2 of the Lair of Beasts)
 11831 | Lair:2   | HP: 5/114 [blink frog (6)]
 11838 | Lair:2   | HP: 3/114 [blink frog (2)]
 11839 | Lair:2   | The Shining One protects you from harm!
 11840 | Lair:2   | Slain by a blink frog

Action                   |  1- 3 |  4- 6 |  7- 9 | 10-12 || total
-------------------------+-------+-------+-------+-------++-------
Melee: Unarmed           |   117 |   173 |   467 |   940 ||  1697
Invok: Divine Shield     |       |     2 |     4 |     8 ||    14
       Cleansing Flame   |       |       |       |     1 ||     1
 Abil: Device Recharging |       |     1 |     4 |    15 ||    20
Evoke: Wand              |     2 |     6 |    18 |    78 ||   104
  Use: Scroll            |     1 |     4 |     7 |     9 ||    21
       Potion            |       |     5 |     5 |     6 ||    16
 Stab: Sleeping          |     5 |       |       |       ||     5
  Eat: Chunk             |     1 |     5 |    14 |    20 ||    40
       Beef jerky        |       |       |       |     2 ||     2
       Bread ration      |       |       |       |     1 ||     1
       Fruit             |       |       |       |     3 ||     3

Vault maps used:
D:1:      ncdulo_halloftheorcs, tso_altar
D:2:      elyvilon_altar_1, grunt_temple_overflow_cloverleaf, serial_forest,
          infiniplex_forest_straight_1, infiniplex_forest_straight_4,
          infiniplex_forest_lined_room_, infiniplex_forest_clump_small,
          nemelex_spade_bored_becter
D:3:      ecumenical_altar_2
D:5:      minitemple, minmay_temple_entry_nine_rooms, first_bread
D:6:      uniq_grinder, uniq_sigmund
D:7:      serial_shops, nicolae_shop_stone, st_stairs_1,
          nicolae_gozag_zags_fifth_avenue, uniq_prince_ribbit1
D:8:      serial_shops, shop, david_nohive_1
D:9:      minmay_fountain_box
D:10:     dpeg_lair_monsters
D:11:     kennysheep_ambush_hall
Lair:1:   minmay_lair_venomous_thicket, lab_entry_generic, grunt_megastairs_5
Lair:2:   beast_lair_carwin_3, lemuel_fruit_fields, infiniplex_staircase_pool_2
